 Dungeon Crawl Stone Soup version 0.26.1-10-gdfb7c7de75 (webtiles) character file.

Game seed: 14754682339885113110

66 manyhoops the Ruffian (level 3, -2/31 HPs)
             Began as a Palentonga Transmuter on Apr 3, 2021.
             Slain by Crazy Yiuf
             ... wielding a +3 quarterstaff of chaos
              (18 damage)
             ... on level 2 of the Dungeon.
             The game lasted 00:01:41 (2497 turns).

manyhoops the Ruffian (Palentonga Transmuter)       Turns: 2497, Time: 00:01:44

Health: -2/31      AC:  5    Str: 14    XL:     3   Next: 96%
Magic:  2/6        EV: 10    Int: 13    God:
Gold:   80         SH:  0    Dex: 10    Spells: 3/6 levels left

rFire    . . .     SeeInvis +     - Unarmed
rCold    + . .     Faith    .   (no shield)
rNeg     . . .     Spirit   .   a - +0 robe
rPois    .         Reflect  .   (helmet currently unavailable)
rElec    .         Harm     .   m - +0 cloak
rCorr    .         Rampage  .   (no gloves)
Will     .....                  (no barding)
Stlth    +.........             (no amulet)
HPRegen  0.10/turn              i - ring of protection from cold
MPRegen  0.10/turn              (no ring)

@: appendages (expiring), slowed, very slow
A: large, horns 2, talons 2, rugged brown scales 3, see invisible, deformed
body, roll 1, armoured tail
a: Rolling Charge, End Transformation


You were on level 2 of the Dungeon.
You had grown temporary horns.
You had grown temporary talons.
You visited 1 branch of the dungeon, and saw 2 of its levels.

You collected 80 gold pieces.

Inventory:

Armour
 a - a +0 robe (worn)
 m - a +0 cloak (worn)
Jewellery
 f - an uncursed ring of willpower {unknown}
 i - a ring of protection from cold (left hand)
Scrolls
 c - a scroll of immolation
 g - a scroll of magic mapping
 h - a scroll of teleportation {unknown}
 j - a scroll of fog
 l - a scroll of blinking {unknown}
Potions
 b - a potion of flight
 d - a potion of heal wounds {unknown}
 e - a potion of brilliance {unknown}
 k - a potion of attraction {unknown}


   Skills:
 * Level 2.1 Fighting
 - Level 1.5 Dodging
 + Level 4.4 Unarmed Combat
 - Level 2.0 Spellcasting
 - Level 2.0 Transmutations


You had 3 spell levels left.
You knew the following spells:

 Your Spells              Type           Power        Failure   Level
a - Beastly Appendage     Tmut           12%          11%         1
b - Wereblood             Tmut           6%           17%         2

Your spell library contained the following spells:

 Spells                   Type           Power        Failure   Level
 Spider Form              Tmut/Pois      1%           45%         3
 Ice Form                 Ice/Tmut       3%           86%         4
 Blade Hands              Tmut           3%           97%         5


Dungeon Overview and Level Annotations

Branches:
Dungeon (2/15)

Altars:

Annotations:
D:2 Crazy Yiuf


Innate Abilities, Weirdness & Mutations

You are completely covered in rugged brown scales. (AC +3, +7% HP)
You have supernaturally acute eyesight. (SInv)
Armour fits poorly on your strangely shaped body.
You can roll at nearby foes to attack.
You have a long armoured tail.
You have a pair of horns on your head.
You have razor-sharp toenails.


Message History

Crazy Yiuf misses you.
You hit Crazy Yiuf. Your headbutt misses Crazy Yiuf.
Crazy Yiuf is moderately wounded.
Crazy Yiuf hits you but does no damage.
You feel yourself slow down.
You hit Crazy Yiuf. Your kick misses Crazy Yiuf.
Crazy Yiuf is heavily wounded.
Your transformation is almost over.
Crazy Yiuf hits you but does no damage.
You barely miss Crazy Yiuf. You headbutt Crazy Yiuf.
Crazy Yiuf is heavily wounded.
Crazy Yiuf says, "Leather!
Tosser shoe stair."
Crazy Yiuf closely misses you.
You hit Crazy Yiuf. You claw Crazy Yiuf. Your headbutt misses Crazy Yiuf.
Crazy Yiuf is almost dead.
Crazy Yiuf hits you with a +3 quarterstaff of chaos!
You feel your power leaking away.
Crazy Yiuf hits you with a +3 quarterstaff of chaos!
You are electrocuted!!
Ouch! That really hurt!
You die...

###.##############.#....#..
#.....†....# #.#....#..
#..........# #.#..).#.#
#...######## ###....#.#
#...# #....#.# ###'#
♣♣♣♣♣##....... #...# ####
♣♣♣.♣.........#. #...#
#...#♣..♣..........#< #...#
#..g@.♣♣♣♣.........#. #...#
#)..#♣♣ ♣♣........#. #...#
#### ♣♣#####..#. #...#
#..#. #...# #..#. #...#
#..#. #####
################..#.
###.............#####.
#.........##.......##.


You could see Crazy Yiuf.

Vanquished Creatures
  A shadow imp (D:2)
  A worm (D:2)
  2 dart slugs (D:2)
  A leopard gecko (D:2)
  4 giant cockroaches (D:1)
  3 goblins
  7 hobgoblins
  9 jackals (D:2)
  A quokka (D:2)
  2 ball pythons
  3 bats (D:1)
  4 frilled lizards
  5 kobolds
  4 rats
47 creatures vanquished.

Notes
Turn   | Place    | Note
-------+----------+-------------------------------------------
     0 | D:1      | manyhoops the Palentonga Transmuter began the quest for the
                  | Orb.
     0 | D:1      | Reached XP level 1. HP: 17/17 MP: 3/3
   174 | D:1      | Reached XP level 2. HP: 22/24 MP: 3/5
  1213 | D:2      | Learned a level 2 spell: Wereblood
  1241 | D:2      | Reached XP level 3. HP: 27/31 MP: 4/6
  1342 | D:2      | Reached skill level 4 in Unarmed Combat
  2124 | D:2      | Found a runed translucent door.
  2125 | D:2      | Noticed Crazy Yiuf
  2497 | D:2      | Slain by Crazy Yiuf

Illustrated notes

Levels and vault maps discovered:
D:1:      sevenhm_arrival_forest_fort_small_3, layout_basic
D:2:      minmay_door_path, layout_basic, uniq_crazy_yiuf_cottage

Skill      XL: |  1  2  3 |
---------------+----------+-----
Unarmed Combat | 4 |  4.4
Fighting       | 2 |  2.1
Dodging        | |  1.5
Spellcasting   | |  2.0
Transmutations | |  2.0

Action                   || total
-------------------------++-------
Melee: Unarmed           ||   133
       Headbutt          ||     6
       Tailslap          ||    10
       Kick              ||     7
       Punch             ||     1
 Cast: Beastly Appendage ||    17
 Abil: Rolling Charge    ||     1
  Use: Scroll            ||     4
Armor: Robe              ||    43
Dodge: Dodged            ||    68
